AoeStats
← [RZ] HardZeeiRa-BR

Nomad

509530707Analyzed
3v3 RM · 5d ago on Sep 27, 2026· 37m 25s· 6 players
Game mode
Random Map
Map size
210×210
Population
200
Speed
Normal
Resources
Standard
Victory
Conquest
Starting age
Dark Age
Ending age
Imperial Age
RankedLock teamsTeams togetherTeam positionsShared explorationLock speedFull tech treeHidden civsTurbo modeCheats
Victory
Defeat
🇨🇳 Huns · China
1173
+16
🇰🇬 Sicilians · Kyrgyzstan
1167
+16
🇲🇽 Bengalis · Mexico
1159
+16
🇧🇷 Varangians · Brazil
1208
-17
🇧🇷 Inca · Brazil
1202
-18
🇧🇷 Persians · Brazil
1100
-13
master
5:30 Loom
16:17 Feudal Age
17:36 Town Watch
21:10 Castle Age
20:14 Fletching
20:19 Double-Bit Axe
22:30 Wheelbarrow
21:37 Fishing Lines
22:08 Bodkin Arrow
31:33 Padded Archer Armor
36:14 Scale Barding Armor
wuyu
4:23 Loom
16:28 Feudal Age
20:51 Castle Age
18:42 Double-Bit Axe
19:20 Fletching
19:30 Padded Archer Armor
22:14 Husbandry
22:24 Bloodlines
22:13 Bodkin Arrow
22:55 Leather Archer Armor
29:23 Ballistics
32:33 Scale Barding Armor
38:41 Imperial Age
36:47 Wheelbarrow
Bubble Kg !
5:44 Loom
14:19 Feudal Age
19:45 Castle Age
17:39 Horse Collar
18:14 Double-Bit Axe
24:31 Scale Mail Armor
25:44 Forging
26:20 Husbandry
26:54 Heavy Plow
28:43 Wheelbarrow
29:23 Bloodlines
29:27 Scale Barding Armor
31:28 Iron Casting
31:49 Light Cavalry
33:04 Gold Mining
33:32 Hand Cart
PaidoJoaozinho
4:48 Loom
15:25 Feudal Age
15:45 Champi Runner
17:42 Wheelbarrow
16:57 Double-Bit Axe
20:41 Forging
20:31 Scale Mail Armor
25:32 Castle Age
24:19 Horse Collar
24:32 Gold Mining
24:36 Stone Mining
25:40 Champi Warrior
26:22 Squires
28:02 Bow Saw
28:30 Gold Shaft Mining
32:18 Pikeman
36:39 Medium Warships
JOÃOZINHO/DO ARÁBIA
4:41 Loom
14:45 Feudal Age
18:04 Town Watch
20:44 Castle Age
18:59 Bloodlines
18:41 Double-Bit Axe
20:25 Forging
24:08 Husbandry
24:19 Scale Barding Armor
34:51 Padded Archer Armor
[RZ] HardZeeiRa-BR
7:28 Loom
15:57 Feudal Age
17:03 Fishing Lines
20:11 Bloodlines
24:21 Double-Bit Axe
26:45 Castle Age
26:31 Gold Mining
26:50 Scale Barding Armor
27:36 Forging
29:00 Chain Barding Armor
30:42 Husbandry
Connection lost

Rejoining the realm…

Still unreachable

The connection could not be restored.

Session expired

The server has moved on; the page needs a fresh start.